 Dungeon Crawl Stone Soup version 0.18.1-48-g4cf74bf (webtiles) character file.

289 HEYYEYAAE the Cutter (level 5, -8/67 HPs)
             Began as a Demigod Gladiator on Sept 9, 2016.
             Mangled by Ijyb
             ... wielding a +0 dagger of electrocution
              (18 damage)
             ... on level 3 of the Dungeon.
             The game lasted 00:03:58 (3939 turns).

HEYYEYAAE the Cutter (Demigod Gladiator)            Turns: 3939, Time: 00:03:59

Health: -8/67      AC: 22    Str: 19 (20) XL:     5   Next: 82%
Magic:  7/7        EV:  2    Int: 11 (12) God:
Gold:   204        SH:  0    Dex: 20      Spells: 0 memorised, 4 levels left

rFire  . . .     SeeInvis .     a - +0 rapier
rCold  . . .     Gourm    .     (armour currently unavailable)
rNeg   + + +     Faith    .     (no shield)
rPois  +         Spirit   .     (helmet currently unavailable)
rElec  .         Dismiss  .     (cloak currently unavailable)
rCorr  .         Reflect  .     (gloves currently unavailable)
SustAt +         Harm     .     (boots currently unavailable)
MR     .....     NoTele   +     (no amulet)
Stlth  +++.......               p - +4 ring of dexterity
                                n - ring of stealth

@: tree-form, not resistant to hostile enchantments, fairly stealthy
A: high mp 1, sustain attributes
a: no special abilities


You were on level 3 of the Dungeon.
You were hungry.
You were a tree.
You visited 1 branch of the dungeon, and saw 4 of its levels.

You collected 204 gold pieces.

Inventory:

Hand Weapons
 a - a +0 rapier (weapon)
Missiles
 d - 4 throwing nets (quivered)
Armour
 c - a +0 helmet (melded)
 k - a +0 buckler
 u - a +0 scale mail (melded)
Jewellery
 n - a ring of stealth (left branch)
 p - a +4 ring of dexterity (right branch)
 v - an uncursed ring of stealth
Scrolls
 b - 2 scrolls of fear {unknown}
 e - 3 scrolls of identify {unknown}
 h - a scroll of enchant armour {unknown}
 j - a scroll of magic mapping {unknown}
 l - 5 scrolls of remove curse {unknown}
 o - a scroll of noise {unknown}
 w - a scroll of random uselessness {unknown}
Comestibles
 f - 4 bread rations
 m - a meat ration
 q - 3 fruits


   Skills:
 * Level 3.6 Fighting
 * Level 3.9 Short Blades
 - Level 1.7 Throwing
 + Level 2.3 Armour
 + Level 3.5 Dodging


You had 4 spell levels left.
You didn't know any spells.

Dungeon Overview and Level Annotations

Branches:
Dungeon (4/15)
 Temple: D:4-7

Annotations:
D:3 Ijyb
D:4 exclusion: statue


Innate Abilities, Weirdness & Mutations

You have an increased reservoir of magic (+10% MP).
Your attributes are resistant to harm.


Message History

Drink which item? (? for menu, Esc to quit)
It was a potion of degeneration.
There was something very wrong with that liquid.
You feel somewhat weakened.
You feel somewhat dopey.
You feel clumsy for a moment. The goblin hits you but does no damage.
The goblin barely misses you. Ijyb hits you but does no damage.
You are electrocuted!
* * * LOW HITPOINT WARNING * * *
You closely miss Ijyb.
Ijyb is lightly wounded.
The goblin hits you but does no damage. x2; Ijyb barely misses you.
Press: ? - help, v - describe, . - travel
Here: Ijyb, wielding a dagger of electrocution and wearing a runed ring mail (lightly wounded)
The floor.
Unknown command.
You hit Ijyb.
Ijyb is moderately wounded.
The goblin hits you but does no damage. x2; Ijyb hits you but does no damage.
You are electrocuted!
You die...

############# ≈≈#
#.......'...# ≈≈#
+.......gg..#
≈≈#####.......g♣..#
#≈≈...##########...#
.≈≈...#......(.....#
.≈≈...#............#
.≈≈..##)##.....##'##
.≈≈..#...#.....#...#
#≈≈..#...#.....#...#
#≈≈..#...#.....#...#
#≈≈..##'##.....##'##


You could see Ijyb and 2 goblins.

Vanquished Creatures
  A hound (D:4)
  2 orc priests (D:3)
  A worker ant (D:4)
  4 gnolls (D:3)
  3 adders
  An ooze (D:1)
  2 worms (D:3)
  4 dart slugs
  3 giant geckos
  8 orcs
  5 giant cockroaches
  8 hobgoblins
  5 jackals
  8 kobolds
  A quokka (D:2)
  2 ball pythons
  3 bats
  3 giant newts
  10 goblins
  7 rats
81 creatures vanquished.

Notes
Turn   | Place    | Note
--------------------------------------------------------------
     0 | D:1      | HEYYEYAAE the Demigod Gladiator began the quest for the Orb.
     0 | D:1      | Reached XP level 1. HP: 17/17 MP: 3/3
   184 | D:1      | Found an iron altar of Okawaru.
   187 | D:1      | Reached XP level 2. HP: 18/24 MP: 4/4
   336 | D:1      | Reached skill level 1 in Armour
  1099 | D:2      | Reached XP level 3. HP: 20/29 MP: 5/5
  2224 | D:4      | Found a radiant altar of Vehumet.
  2224 | D:4      | Noticed a frost-covered statue
  2334 | D:4      | Reached XP level 4. HP: 37/37 MP: 6/6
  3106 | D:3      | Reached XP level 5. HP: 35/45 MP: 7/7
  3536 | D:3      | Found an opulent altar of Gozag.
  3921 | D:3      | Noticed Ijyb
  3939 | D:3      | Mangled by Ijyb

Skill      XL: |  1  2  3  4 |
---------------+-------------+-----
Fighting       | 2 3 |  3.6
Armour         | 1 2 |  2.3
Dodging        | 3 |  3.5
Short Blades   | 3 |  3.9
Throwing       | |  1.7

Action                   |  1- 3 |  4- 6 || total
-------------------------+-------+-------++-------
Melee: Rapier            |   160 |   176 ||   336
  Use: Potion            |       |     7 ||     7
 Stab: Sleeping          |     3 |     3 ||     6
  Eat: Chunk             |     2 |     5 ||     7
       Beef jerky        |     1 |       ||     1
       Fruit             |       |     1 ||     1
Armor: Leather armour    |    51 |       ||    51
       Scale mail        |       |    54 ||    54
       Skin              |       |     8 ||     8
Dodge: Dodged            |   121 |   137 ||   258
